 Dungeon Crawl Stone Soup version 0.19.6-3-g7d5932f76a (webtiles) character file.

1320488 grothendieck the Slayer (level 27, 258/266 HPs)
             Began as a Centaur Hunter on Nov 14, 2023.
             Was a High Priest of Fedhas.
             Escaped with the Orb
             ... and 3 runes on Nov 19, 2023!
             The game lasted 18:39:59 (165449 turns).

grothendieck the Slayer (Centaur Hunter)          Turns: 165449, Time: 18:39:59

Health: 258/266    AC: 36    Str: 19    XL:     27
Magic:  36/36      EV:  6    Int: 17    God:    Fedhas [*****.]
Gold:   3127       SH:  0    Dex: 20    Spells: 7 memorised, 20 levels left

rFire  + + .     SeeInvis +     b - +9 longbow (flame)
rCold  + + +     Gourm    .     o - +7 gold dragon scales
rNeg   + . .     Faith    +     (shield currently unavailable)
rPois  +         Spirit   .     H - +2 helmet {SInv}
rElec  .         Reflect  .     n - +2 cloak {MR+}
rCorr  .         Harm     .     m - +2 pair of gloves
MR     ++++.                    j - +4 centaur barding {rC+}
Stlth  ..........               g - amulet "Myonad" {Faith +Fly Int+9}
                                G - ring "Jauv" {rF+ rC+ rN+ Str-5}
                                F - ring "Cecasche" {+Fly MR+ Dex+6}

@: corroded, very quick
A: hooves 3, deformed body, dopey 1, speed 2, tough skin 3, MP-powered wands
a: Fungal Bloom, Evolution, Sunlight, Growth, Reproduction, Rain, Renounce
Religion, Evoke Flight
0: Orb of Zot
}: 3/15 runes: decaying, silver, gossamer


You escaped.
You worshipped Fedhas.
Fedhas was extremely pleased with you.
You were very full.

You visited 11 branches of the dungeon, and saw 53 of its levels.
You visited the Abyss 1 time.
You also visited: Trove.

You collected 8320 gold pieces.
You spent 5193 gold pieces at shops.

Inventory:

Hand Weapons
 a - a +9 trishula of holy wrath
 b - a +9 longbow of flaming (weapon)
 w - the +6 shortbow of the Unspeakable One {venom, rC+ rN+++ Str-5 SInv}
   (You found it on level 10 of the Dungeon)

   It poisons the ammo it fires.
   It affects your strength (-5).
   It protects you from cold.
   It renders you almost immune to negative energy.
   It lets you see invisible.
 z - the +5 quarterstaff of Action {drain, *Noise rElec Int+4}
   (You took it off a yaktaur captain on level 2 of the Vaults)

   A truly terrible weapon, it drains the life of those it strikes.
   It affects your intelligence (+4).
   It insulates you from electricity.
   It may make noises in combat.
Missiles
 d - 777 arrows (quivered)
 s - 10 throwing nets {!f}
Armour
 j - a +4 centaur barding of cold resistance (worn)
 m - a +2 pair of gloves (worn)
 n - a +2 cloak of magic resistance (worn)
 o - +7 gold dragon scales (worn)
 H - a +2 helmet of see invisible (worn)
Jewellery
 g - the amulet "Myonad" (around neck) {Faith +Fly Int+9}
   (You bought it in a shop on level 11 of the Dungeon)

   [amulet of faith]

   It allows you to gain divine favour quickly.
   It affects your intelligence (+9).
   It lets you fly.
 h - the ring "Hofrocoh" {rF++ Int+4}
   (You bought it in a shop on level 11 of the Dungeon)

   [ring of intelligence]

   It affects your intelligence (+4).
   It greatly protects you from fire.
 F - the ring "Cecasche" (left hand) {+Fly MR+ Dex+6}
   (You took it off Dowan on level 6 of the Dungeon)

   [ring of flight]

   It affects your dexterity (+6).
   It affects your resistance to hostile enchantments.
   It lets you fly.
 G - the ring "Jauv" (right hand) {rF+ rC+ rN+ Str-5}
   (You took it off a boggart on level 2 of the Depths)

   [ring of protection from fire]

   It affects your strength (-5).
   It protects you from fire.
   It protects you from cold.
   It protects you from negative energy.
 J - the ring of Robustness {AC+8}
   (You took it off a deep elf mage on level 3 of the Elven Halls)

   [ring of protection]

   It affects your AC (+8).
 Z - an uncursed ring of protection from magic
Wands
 i - a wand of acid (13/15)
 A - a wand of iceblast (14/15)
 O - a wand of digging (18/24)
 Q - a wand of teleportation (6/9)
Scrolls
 c - a scroll of silence
 k - 5 scrolls of recharging
 q - 4 scrolls of vulnerability
 u - a scroll of holy word
 v - 20 scrolls of remove curse
 y - 7 scrolls of magic mapping
 B - 4 scrolls of immolation
 E - 2 scrolls of summoning
 M - 12 scrolls of teleportation
 N - 5 scrolls of fear
 V - 5 scrolls of fog
 X - 13 scrolls of blinking
Potions
 e - 9 potions of heal wounds
 l - 5 potions of cure mutation
 p - 6 potions of brilliance
 r - 3 potions of invisibility
 C - 5 potions of cancellation
 I - 8 potions of curing
 K - 7 potions of haste
 P - 5 potions of resistance
 R - a potion of magic
 U - 9 potions of might
 W - 7 potions of agility
 Y - 6 potions of ambrosia
Miscellaneous
 t - a lamp of fire
 S - 6 phantom mirrors
Comestibles
 f - 22 bread rations
 x - 3 meat rations


   Skills:
 + Level 25.1 Fighting
 - Level 14.0 Polearms
 - Level 20.0 Bows
 + Level 18.1 Armour
 - Level 13.1 Dodging
 - Level 0.4 Stealth
   Level 1.0 Shields
 - Level 4.0 Spellcasting
 - Level 10.3 Charms
 + Level 11.0 Summonings
 - Level 5.8 Necromancy
 + Level 13.0 Translocations
 - Level 9.0 Air Magic
 * Level 19.8 Invocations
 - Level 11.0 Evocations


You had 20 spell levels left.
You knew the following spells:

 Your Spells              Type           Power        Failure   Level  Hunger
b - Blink                 Tloc           N/A          6%          2    ##.....
g - Shroud of Golubria    Chrm/Tloc      #####.....   10%         2    ##.....
m - Summon Butterflies    Summ           #####...     10%         1    None
q - Regeneration          Chrm/Necr      ####......   75%         3    ###....
r - Repel Missiles        Chrm/Air       #####.       21%         2    ##.....
s - Swiftness             Chrm/Air       #####...     21%         2    ##.....
w - Passwall              Tmut/Erth      #.........   100%        2    ##.....


Dungeon Overview and Level Annotations

Branches:
Dungeon (15/15)            Temple (1/1) D:4            Lair (6/6) D:9
  Swamp (4/4) Lair:2       Spider (4/4) Lair:3        Slime (0/5) Lair:5
    Orc (2/2) D:12            Elf (3/3) Orc:2        Vaults (5/5) D:14
  Crypt (3/3) Vaults:2       Tomb (0/3) Crypt:3      Depths (5/5) D:15
    Zot (5/5) Depths:5

Altars:
Ashenzari
Cheibriados
Dithmenos
Elyvilon
Fedhas
Gozag
Hepliaklqana
Kikubaaqudgha
Makhleb
Nemelex Xobeh
Okawaru
Qazlal
Ru
Sif Muna
Trog
Uskayaw
Vehumet
Xom
Yredelemnul
Zin
The Shining One
Beogh
Jiyva

Shops:
D:10 *   D:11 =(   D:14 :   Orc:2 *}}}   Elf:1 [(?}   Elf:2 =}}   Vaults:4 !*!%

Portals:
Hell: Depths:1 Depths:2 Depths:3 Depths:4 Depths:5
Abyss: Depths:4
Pandemonium: Depths:3 Depths:5
Ziggurat: Depths:3


Innate Abilities, Weirdness & Mutations

You have hooves in place of feet.
Armour fits poorly on your strangely shaped body.
You cover ground very quickly.
You have extremely tough skin. (AC +3)
You are dopey. (Int -2)
You expend magic power (3 MP) to strengthen your wands.


Message History

d - 776 arrows (gained 4)
d - 777 arrows (gained 1) Qiarhosm comes into view.
You see here 2 arrows.
You enter the shallow water.
Moving in this stuff is going to be slow.
Qiarhosm bursts into living lightning!
The living lightning hits you!
Qiarhosm blinks!
Press: ? - help, v - describe, . - travel
Here: Qiarhosm The floor.
Unknown command.
Unknown command.
You enter the shallow water.
Moving in this stuff is going to be slow.
You see here a hand axe.
There is a staircase leading out of the dungeon here.
Qiarhosm gestures at you. You resist with almost no effort.
You have escaped!

#.....#####..♣♣P>P♣♣..#.#
#.........##..♣♣.♣♣..##)#
..........#♣......(..♣#)#
..........#♣.♣.≈≈≈.♣.♣#.#
..........#♣..≈≈8≈≈..♣#.#
###.......#♣.♣.≈≈≈.♣.♣#.#
#.......#♣....&)...♣#.#
#.......##..♣♣.♣♣..##.#
#######.#..♣♣P@P♣♣..#.#
#.##..#####..##.#
#.'...≈≈≈≈≈...+.#
#################


You could see Qiarhosm.

Vanquished Creatures
  5 ancient liches
  6 orbs of fire
  Mara (Spider:4)
  2 juggernauts
  Margery (Depths:5)
  Frederick (Depths:4)
  Bai Suzhen (Depths:3)
  A Killer Klown (Zot:5)
  Saint Roka (Elf:2)
  2 curse toes
  Xtahua (Vaults:4)
  17 golden dragons
  Nikola (Depths:1)
  Arachne (Spider:2)
  Jorgrun (Swamp:3)
  A bone dragon (Crypt:2)
  21 tentacled monstrosities
  A deep elf blademaster (Elf:2)
  2 titans (Vaults:5)
  24 Orb Guardians
  An acid blob (shapeshifter) (Vaults:5)
  5 quicksilver dragons
  A deep elf master archer (Elf:3)
  2 acid blobs (Lair:4)
  7 liches
  8 ancient champions
  8 sphinxes
  Gastronok (D:9)
  An eldritch tentacle (Depths:3)
  The ghost of peterlawrence the Severer, an adept MiBe of Trog (Spider:3)
  9 tengu reavers
  12 shadow dragons
  Kirke (Lair:3)
  18 storm dragons
  Roxanne (Swamp:3)
  9 draconian monks
  17 fire giants
  14 draconian knights
  A revenant (Crypt:3)
  9 frost giants
  9 ghost moths
  22 vault wardens
  2 deep elf sorcerers
  Louise (Swamp:2)
  8 draconian scorchers
  Aizul (Swamp:3)
  3 draconian callers
  An iron dragon (Depths:4)
  12 ironheart preservers
  2 ghouls (Crypt:3)
  2 curse skulls
  11 draconian zealots
  8 emperor scorpions
  9 draconian annihilators
  5 vampire knights
  4 draconian shifters
  A spriggan defender (Depths:2)
  5 entropy weavers
  3 war gargoyles (Vaults:5)
  20 stone giants
  2 reapers
  30 very ugly things
  6 deep elf annihilators
  5 deep elf demonologists
  15 white draconians
  21 green draconians
  14 black draconians
  7 purple draconians
  A lorocyproca (Depths:3)
  11 mottled draconians
  11 spark wasps
  5 eidola
  13 red draconians
  Snorg (Orc:1)
  13 yellow draconians
  A merfolk javelineer (Depths:1)
  A minotaur (shapeshifter) (Depths:2)
  A deep elf death mage (D:14)
  14 ettins
  7 deep elf high priests
  19 fire dragons
  12 jiangshi
  24 yaktaur captains
  8 rakshasas
  16 great orbs of eyes
  35 hydras
  29 vault guards
  A catoblepas (Lair:4)
  2 death knights
  14 ice dragons
  A hell beast (Depths:5)
  6 spriggan air magi
  2 alligators (shapeshifter)
  A ghost crab (Swamp:4)
  20 ogre magi
  10 centaur warriors
  An alligator (Swamp:2)
  10 deep troll shamans
  8 death scarabs (Spider:4)
  24 dancing weapons
  3 orc high priests
  A queen ant (Spider:2)
  12 deep troll earth magi
  15 spriggan berserkers
  5 tengu warriors
  8 vampire magi
  Nergalle (Lair:4)
  24 deep elf knights
  2 spectral emperor scorpions (Spider:4)
  2 titan skeletons
  3 iron trolls
  17 hell knights
  A sea snake (D:15)
  A fire crab (shapeshifter) (Vaults:2)
  35 skeletal warriors
  An iron troll (shapeshifter) (Depths:2)
  6 swamp dragons
  A sixfirhy (Depths:3)
  6 wandering mushrooms
  4 death drakes (Depths:5)
  4 shadow wraiths
  7 lindwurms
  17 deep trolls
  5 unseen horrors
  A hill giant (shapeshifter) (Vaults:4)
  3 glowing orange brains
  3 spriggan druids
  4 wizards
  2 harpies (shapeshifter)
  28 deep elf archers
  A glowing orange brain (shapeshifter) (Depths:3)
  A flayed ghost (Vaults:2)
  3 spectral wolf spiders (Spider:4)
  9 hill giants
  13 phantasmal warriors
  3 harpies (Vaults:5)
  A mana viper (shapeshifter) (Vaults:5)
  25 orc knights
  18 ironbrand convokers
  9 necromancers
  2 orb spiders (shapeshifter)
  11 orb spiders
  2 shadow dragon skeletons
  A faun (shapeshifter) (Vaults:4)
  3 orc sorcerers
  A salamander (shapeshifter) (Elf:2)
  8 manticores
  59 ugly things
  42 wolf spiders
  11 cyclopes
  25 moths of wrath
  82 deep elf magi
  A guardian serpent (shapeshifter) (Elf:1)
  A stone giant skeleton (Vaults:4)
  A centaur zombie (D:14)
  2 black mambas
  3 elephants (Lair:4)
  A frost giant skeleton (D:15)
  3 rust devils
  A fire giant skeleton (D:15)
  2 black mambas (shapeshifter)
  Psyche (D:9)
  16 vault sentinels
  A water nymph (shapeshifter) (Vaults:2)
  2 guardian serpents (D:10)
  A torpor snail (Spider:3)
  2 gargoyles
  2 orange demons
  23 spiny frogs
  5 spectral swamp worms
  2 rime drakes (shapeshifter)
  A dire elephant skeleton (Crypt:1)
  4 rime drakes
  An efreet (D:14)
  65 yaktaurs
  5 kobold demonologists (D:14)
  An ice devil (Depths:1)
  4 spectral redbacks (Spider:4)
  3 spriggan skeletons
  3 komodo dragons
  5 freezing wraiths
  A ghost moth simulacrum (Crypt:3)
  A mottled draconian skeleton (Crypt:2)
  A green draconian skeleton (Crypt:3)
  13 demonic crawlers
  A hellwing (Depths:5)
  A black draconian skeleton (Crypt:3)
  A sea snake skeleton (Crypt:1)
  4 tengu conjurers
  7 polar bears
  A red devil (Depths:3)
  A queen bee (shapeshifter) (D:15)
  8 meliai
  A queen bee (Lair:4)
  4 trolls
  41 jumping spiders
  A wind drake (shapeshifter) (Depths:2)
  A polar bear (shapeshifter) (Elf:2)
  6 spectral tarantellas (Spider:4)
  31 two-headed ogres
  27 hornets
  A blink frog (shapeshifter) (Vaults:5)
  3 tyrant leeches
  2 spectral jumping spiders (Spider:4)
  2 minotaur skeletons (Crypt:1)
  A frost giant simulacrum (Vaults:3)
  A tarantella zombie (Spider:4)
  58 slime creatures
  8 hippogriffs
  31 blink frogs
  16 dream sheep
  A dream sheep (shapeshifter) (Depths:2)
  Sigmund (D:3)
  A fire giant simulacrum (Crypt:3)
  3 bog bodies
  15 flying skulls
  96 redbacks
  7 air elementals
  A fire dragon skeleton (Crypt:3)
  37 tarantellas
  63 yaks
  An ettin skeleton (Crypt:1)
  20 spriggans
  6 shadows
  8 wraiths
  A vampire (D:10)
  2 black mamba skeletons
  8 water elementals
  A ynoxinul (Depths:5)
  5 basilisks
  6 wyverns
  A neqoxec (Depths:5)
  8 fire elementals
  A fire bat (shapeshifter) (D:15)
  2 hogs
  4 vampire mosquitoes
  A basilisk (shapeshifter) (D:14)
  3 hungry ghosts
  2 mottled dragons
  22 soldier ants
  13 wargs
  An elf skeleton (Depths:4)
  2 swamp worms (shapeshifter)
  Edmund (D:5)
  30 insubstantial wisps
  13 swamp worms
  2 spatial vortices (Depths:3)
  An orb spider zombie (Crypt:2)
  A soldier ant (shapeshifter) (Depths:2)
  4 hell hounds (Elf:3)
  14 water moccasins
  A floating eye (Depths:2)
  Duvessa (D:6)
  6 ice beasts
  9 porcupines
  10 swamp drakes
  A gelid demonspawn skeleton (Crypt:1)
  An ice beast (shapeshifter) (Vaults:1)
  An ice dragon simulacrum (Crypt:1)
  59 orc warriors
  8 sky beasts
  7 black bears
  A necrophage (Crypt:3)
  4 phantoms
  A tengu (shapeshifter) (Vaults:4)
  A spiny frog skeleton (Crypt:1)
  The ghost of grothendieck the Shooter, an amateur CeHu of Elyvilon (D:3)
  81 ogres
  28 wolves
  15 centaurs
  23 boggarts
  A tengu (D:10)
  An ogre (shapeshifter) (Vaults:5)
  An elephant skeleton (Crypt:1)
  2 human skeletons (Vaults:4)
  A snapping turtle skeleton (Crypt:1)
  7 crocodiles
  4 big kobolds
  A big kobold (shapeshifter) (Vaults:5)
  26 bullfrogs
  A rime drake skeleton (Crypt:3)
  2 gnoll sergeants (D:5)
  A wyvern zombie (D:6)
  5 earth elementals (Elf:1)
  A glowing shapeshifter simulacrum (Vaults:4)
  Dowan (D:6)
  A wyvern skeleton (D:14)
  A hornet simulacrum (D:11)
  A hell hound skeleton (Crypt:1)
  40 scorpions
  33 killer bees
  25 wights
  7 electric eels
  6 howler monkeys
  17 crimson imps
  3 quasits
  An iron imp (Depths:5)
  13 hounds
  24 orc wizards
  Crazy Yiuf (D:2)
  7 centaur skeletons
  41 orc priests
  A wyvern simulacrum (D:11)
  2 bullfrog skeletons
  5 jellies
  Jessica (D:3)
  5 iguanas
  Natasha (thrice) (D:3)
  21 worker ants
  A hell rat (Lair:3)
  A bullfrog simulacrum (D:11)
  A big kobold skeleton (Crypt:2)
  A centaur simulacrum (D:11)
  A tengu skeleton (Crypt:3)
  A demigod skeleton (Crypt:1)
  2 felid skeletons
  An ogre skeleton (Crypt:3)
  A dwarf skeleton (Crypt:3)
  A hound zombie (D:10)
  2 hound skeletons
  Robin (D:3)
  3 worker ant zombies
  A howler monkey skeleton (D:6)
  16 adders
  14 gnolls
  8 shadow imps
  3 white imps
  A worker ant simulacrum (D:11)
  An ufetubus (Depths:5)
  4 adder skeletons
  5 dart slugs
  2 worms
  8 leopard geckos
  162 orcs
  2 ball pythons
  4 giant cockroaches
  16 goblins
  11 hobgoblins
  20 jackals
  8 quokkas
  A ball python skeleton (Crypt:3)
  4 bats
  3 frilled lizards (D:1)
  A goblin skeleton (Crypt:3)
  2 jackal skeletons
  25 kobolds
  2 kobold skeletons (Crypt:2)
  A leopard gecko skeleton (D:6)
  2 quokka skeletons
  6 rats
  2 rat skeletons
  A fungus (Depths:2)
  A toadstool (Vaults:1)
3093 creatures vanquished.

Vanquished Creatures (collateral kills)
  An orb of fire (Zot:5)
  Mennas (Depths:2)
  2 ancient liches (Zot:5)
  A Killer Klown (Zot:5)
  2 electric golems (Zot:5)
  An Orb Guardian (Zot:5)
  2 deep elf blademasters (Elf:3)
  A deep elf master archer (Elf:3)
  Agnes (Elf:2)
  2 shadow dragons
  3 storm dragons
  5 draconian monks
  3 deep elf sorcerers (Elf:3)
  An emperor scorpion (Spider:3)
  A draconian shifter (Zot:5)
  3 deep elf elementalists (Elf:3)
  A draconian annihilator (Zot:5)
  2 ironheart preservers
  A reaper (Zot:5)
  A spriggan defender (Depths:2)
  An entropy weaver (Spider:1)
  2 stone giants
  A draconian caller (Depths:5)
  A green draconian (Zot:5)
  4 very ugly things
  3 deep elf demonologists (Elf:3)
  2 purple draconians
  A deep elf annihilator (Elf:3)
  A yellow draconian (Zot:5)
  4 deep elf death magi (Elf:3)
  A white draconian (Zot:4)
  A red draconian (Depths:5)
  An ettin (Depths:2)
  A fire dragon (Depths:2)
  2 deep elf high priests (Elf:3)
  An ice dragon (Vaults:3)
  2 spriggan air magi (Depths:2)
  5 hydras
  A centaur warrior (Depths:2)
  2 ogre magi
  A dancing weapon (Elf:1)
  Urug (Lair:2)
  A deep elf knight (Elf:1)
  3 skeletal warriors (D:14)
  An unseen horror (Vaults:1)
  A deep troll (D:14)
  A deep elf archer (Elf:3)
  A flayed ghost (Vaults:1)
  A wizard (Vaults:1)
  2 orc knights
  A spectral wolf spider (Spider:4)
  A hill giant (D:14)
  A phantasmal warrior (D:14)
  2 wolf spiders
  A deep elf mage (Elf:3)
  10 ugly things
  5 moths of wrath
  A black mamba (Lair:5)
  A vault sentinel (Vaults:3)
  A torpor snail (Spider:4)
  7 spiny frogs
  2 yaktaurs
  2 rime drakes
  A freezing wraith (Vaults:2)
  2 komodo dragons
  2 demonic crawlers
  12 jumping spiders
  A troll (Orc:2)
  A meliai (Spider:4)
  A tyrant leech (Swamp:2)
  8 slime creatures
  4 two-headed ogres
  A bog body (Lair:2)
  7 hornets
  2 blink frogs (Lair:6)
  A hippogriff (Lair:6)
  A dream sheep (Lair:6)
  A human simulacrum (Vaults:3)
  11 redbacks
  A water elemental (Elf:1)
  8 tarantellas
  An air elemental (Depths:4)
  A wraith (D:14)
  7 yaks
  5 spriggans
  3 hogs (Lair:4)
  A basilisk (Lair:4)
  Grum (Lair:1)
  A hungry ghost (D:10)
  A vampire mosquito (Swamp:3)
  8 insubstantial wisps
  9 swamp worms
  2 wargs
  4 soldier ants (Spider:2)
  A water moccasin (Lair:1)
  5 porcupines
  14 orc warriors
  9 ogres
  A sky beast (D:12)
  15 wolves
  4 crocodiles
  4 bullfrogs
  10 killer bees
  A howler monkey (D:12)
  3 orc priests
  An iguana (D:10)
  3 orc wizards
  7 worker ants
  A hell rat (Lair:4)
  A shadow imp (D:10)
  14 orcs
  A quokka (D:11)
  A kobold (D:14)
  2 crawling corpses (Elf:3)
327 creatures vanquished.

Vanquished Creatures (others)
  6 oklob plants
  An electric golem (Zot:2)
  4 tentacled monstrosities
  3 quicksilver dragons
  A shadow dragon (Zot:1)
  11 death cobs
  3 storm dragons
  A draconian scorcher (Zot:3)
  A draconian zealot (Zot:3)
  A draconian annihilator (Zot:4)
  A draconian caller (Zot:2)
  A yellow draconian (Zot:3)
  2 mottled draconians
  A purple draconian (Zot:1)
  A white draconian (Zot:1)
  A deep troll earth mage (Depths:2)
  A spark wasp zombie (Depths:4)
  2 swamp dragons (Swamp:4)
  A shambling mangrove (Swamp:4)
  A deep elf mage (Vaults:2)
  7 moths of wrath
  157 wandering mushrooms
  2 redback zombies (Spider:4)
  3 hornets
  A tarantella zombie (Spider:4)
  2 jumping spider zombies (Spider:4)
  A spriggan (Swamp:3)
  A human (Lair:4)
  2 swamp worms
  2 swamp drakes (Swamp:4)
  An orc wizard (Vaults:2)
  An orc (Vaults:1)
  13 fungi
  19 plants
  2 starspawn tentacles (Abyss:3)
  1807 toadstools
2065 creatures vanquished.

Grand Total: 5485 creatures vanquished

Notes
Turn   | Place    | Note
-------+----------+-------------------------------------------
     0 | D:1      | grothendieck the Centaur Hunter began the quest for the Orb.
     0 | D:1      | Reached XP level 1. HP: 17/17 MP: 1/1
   408 | D:1      | Reached XP level 2. HP: 8/25 MP: 2/2
  1036 | D:1      | Reached XP level 3. HP: 26/30 MP: 3/3
  1276 | D:2      | Reached skill level 3 in Fighting
  1998 | D:2      | Found a sparkling altar of Nemelex Xobeh.
  2048 | D:2      | Reached XP level 4. HP: 38/38 MP: 4/4
  2609 | D:2      | Found a runed door.
  2853 | D:2      | Noticed Crazy Yiuf
  2875 | D:2      | Killed Crazy Yiuf
  2875 | D:2      | Reached XP level 5. HP: 46/46 MP: 5/5
  3100 | D:3      | Noticed Natasha
  3108 | D:3      | Noticed grothendieck's ghost (amateur CeHu)
  3362 | D:4      | Reached skill level 4 in Fighting
  3698 | D:4      | Noticed a phantom
  3743 | D:4      | Killed a phantom
  3743 | D:4      | Reached XP level 6. HP: 37/52 MP: 6/6
  4518 | D:4      | Found a staircase to the Ecumenical Temple.
  4539 | D:4      | Found a snail-covered altar of Cheibriados.
  4556 | Temple   | Entered the Ecumenical Temple
  4763 | Temple   | Became a worshipper of Fedhas Madash
  5070 | D:5      | Entered Level 5 of the Dungeon
  5074 | D:5      | Reached XP level 7. HP: 60/60 MP: 7/7
  5401 | D:5      | Reached skill level 5 in Fighting
  5510 | D:5      | Reached skill level 10 in Bows
  6160 | D:5      | Found a shimmering altar of Xom.
  6278 | D:5      | Reached XP level 8. HP: 56/70 MP: 8/8
  6478 | D:5      | Found a hazy altar of Hepliaklqana.
  6479 | D:5      | Found a shimmering altar of Xom.
  6480 | D:5      | Noticed a spectral ugly thing
  6538 | D:5      | Reached skill level 6 in Fighting
  6626 | D:6      | Noticed Edmund
  7064 | D:6      | Noticed Dowan
  7064 | D:6      | Noticed Duvessa
  7553 | D:5      | Killed Edmund
  8391 | D:6      | Found a white marble altar of Elyvilon.
  8394 | D:6      | Reached skill level 7 in Fighting
  8683 | D:6      | Killed Duvessa
  8683 | D:6      | Reached XP level 9. HP: 73/79 MP: 9/9
  8842 | D:6      | Killed Dowan
  8844 | D:6      | Got a faintly glowing brass ring
  9439 | D:7      | Reached * piety under Fedhas
  9513 | D:7      | Identified the ring "Cecasche" {+Fly MR+ Dex+6} (You took it off Dowan on level 6 of the Dungeon)
  9856 | D:7      | Found a stormy altar of Qazlal.
 10380 | D:7      | Reached skill level 8 in Fighting
 10504 | D:7      | Reached skill level 1 in Invocations
 10724 | D:7      | Reached skill level 1 in Armour
 11434 | D:8      | Found an opulent altar of Gozag.
 11589 | D:8      | Reached skill level 1 in Shields
 12669 | D:3      | Reached XP level 10. HP: 82/90 MP: 12/12
 12822 | D:3      | Noticed Sigmund
 12849 | D:3      | Killed Sigmund
 12876 | D:3      | Noticed Robin
 12923 | D:3      | Killed Robin
 12954 | D:3      | Reached ** piety under Fedhas
 13169 | D:3      | Killed Natasha
 13289 | D:3      | Killed grothendieck's ghost
 13378 | D:3      | Noticed Jessica
 13383 | D:3      | Killed Jessica
 13464 | D:3      | Noticed Natasha
 13467 | D:3      | Killed Natasha
 13503 | D:3      | Noticed Natasha
 13508 | D:3      | Killed Natasha
 13546 | D:4      | Reached skill level 9 in Fighting
 14582 | D:8      | Reached skill level 5 in Invocations
 15087 | D:9      | Found a staircase to the Lair.
 16357 | D:9      | Found a glowing silver altar of Zin.
 16948 | D:9      | Noticed Gastronok
 18123 | D:9      | Reached skill level 10 in Fighting
 18236 | D:9      | Reached *** piety under Fedhas
 18307 | D:10     | Entered Level 10 of the Dungeon
 18315 | D:10     | Noticed Sonja
 18322 | D:10     | Noticed Sonja
 18322 | D:10     | Sonja changed into Sonja the tengu
 18363 | Lair:1   | Entered Level 1 of the Lair of Beasts
 18420 | D:9      | Found a sacrificial altar of Ru.
 18690 | D:9      | Got an ichor-stained robe
 18934 | D:9      | Found a glowing golden altar of the Shining One.
 19277 | Lair:2   | Noticed a spiny frog
 19348 | D:8      | Killed a spiny frog
 19348 | D:8      | Reached XP level 11. HP: 66/100 MP: 14/16
 19830 | D:10     | Killed Sonja the tengu
 20026 | D:10     | Reached skill level 1 in Evocations
 20819 | D:10     | Found Cutaum's Assorted Antiques.
 20823 | D:10     | Bought a scroll labeled QOKOPTU NOMAD for 27 gold pieces
 20823 | D:10     | Bought a puce potion for 24 gold pieces
 20823 | D:10     | Bought a ruby potion for 24 gold pieces
 20823 | D:10     | Bought a puce potion for 24 gold pieces
 20823 | D:10     | Bought a scroll labeled QOKOPTU NOMAD for 27 gold pieces
 21042 | D:10     | Got a polished shortbow
 21115 | D:10     | Identified the +6 shortbow of the Unspeakable One {venom, rC+ rN+++ Str-5 SInv} (You found it on level 10 of the Dungeon)
 21392 | D:10     | Noticed Psyche
 21413 | D:9      | Killed Psyche
 21566 | Lair:1   | Reached skill level 5 in Armour
 22207 | Lair:1   | Noticed Grum
 22217 | Lair:1   | Killed Grum
 22293 | Lair:1   | Noticed an eight-headed hydra
 22330 | Lair:1   | Killed an eight-headed hydra
 22368 | Lair:1   | Reached skill level 11 in Fighting
 23900 | Lair:1   | Reached XP level 12. HP: 76/110 MP: 18/18
 24132 | Lair:2   | Reached **** piety under Fedhas
 24417 | Lair:2   | Noticed a seven-headed hydra
 24426 | Lair:2   | Killed a seven-headed hydra
 25021 | Lair:2   | Found a staircase to the Swamp.
 25242 | Lair:3   | Reached skill level 5 in Evocations
 25258 | Lair:3   | Got a smoking chain mail
 25363 | Lair:3   | Found a hole to the Spider Nest.
 25873 | Lair:3   | Noticed Urug
 26177 | Lair:2   | Killed Urug
 26484 | Lair:3   | Got an iridescent trident
 26830 | Lair:3   | Reached skill level 12 in Fighting
 26830 | Lair:3   | Reached skill level 10 in Invocations
 26964 | Lair:3   | Identified the +7 chain mail "Tiosk" {Int+4} (You found it on level 3 of the Lair of Beasts)
 27164 | Lair:3   | Noticed a six-headed hydra
 27234 | Lair:3   | Killed a six-headed hydra
 27800 | Lair:4   | Identified the +5 trident of the Other Side {pierce, rC+} (You found it on level 3 of the Lair of Beasts)
 27860 | Lair:4   | Noticed a catoblepas
 27880 | Lair:4   | Killed a catoblepas
 28114 | Lair:3   | Reached skill level 1 in Polearms
 28429 | Lair:4   | Reached XP level 13. HP: 79/119 MP: 20/20
 29545 | Lair:4   | Noticed Kirke
 29598 | Lair:3   | Killed Kirke
 31070 | Lair:4   | Reached skill level 13 in Fighting
 31301 | Lair:4   | Noticed Nergalle
 31430 | Lair:4   | Killed Nergalle
 31944 | Lair:4   | Found a blossoming altar of Fedhas.
 32561 | Lair:5   | Found a runed door.
 32561 | Lair:5   | Found a viscous altar of Jiyva.
 32561 | Lair:5   | Found a staircase to the Slime Pits.
 32561 | Lair:5   | Noticed an acid blob
 32561 | Lair:5   | Noticed an acid blob
 33430 | Lair:6   | Entered Level 6 of the Lair of Beasts
 33624 | Lair:5   | Reached ***** piety under Fedhas
 33655 | Lair:5   | Reached XP level 14. HP: 111/130 MP: 22/22
 34821 | Lair:6   | Reached skill level 14 in Fighting
 37209 | D:11     | Found Ycug's Antique Weapon Emporium.
 37242 | D:10     | Reached skill level 5 in Polearms
 37785 | D:11     | Found Diellol's Jewellery Shoppe.
 37824 | D:11     | You fall through a shaft for 3 floors!
 39574 | D:11     | Reached skill level 15 in Fighting
 40451 | D:12     | Found a staircase to the Orcish Mines.
 40554 | D:12     | Found a shadowy altar of Dithmenos.
 40791 | D:11     | Bought an uncursed ring of protection from magic for 300 gold pieces
 40893 | Orc:1    | Entered Level 1 of the Orcish Mines
 41143 | Orc:1    | Noticed Snorg
 41163 | Orc:1    | Killed Snorg
 41400 | Orc:2    | Entered Level 2 of the Orcish Mines
 41583 | Orc:2    | Found a staircase to the Elven Halls.
 42553 | Orc:2    | Noticed a stone giant
 42577 | Orc:2    | Killed a stone giant
 43233 | Orc:1    | Reached XP level 15. HP: 125/141 MP: 23/23
 43320 | Orc:1    | Found a roughly hewn altar of Beogh.
 46037 | Orc:2    | Found Hantit's Gadget Shoppe.
 46037 | Orc:2    | Found Kitonwoq's Gadget Boutique.
 47071 | Orc:2    | Found a roughly hewn altar of Beogh.
 47080 | Orc:2    | Found Reshromeo's General Store.
 47080 | Orc:2    | Found Jafecu's Gadget Boutique.
 47096 | Orc:2    | Bought a scroll of blinking for 105 gold pieces
 47667 | Orc:2    | Bought a scroll of teleportation for 42 gold pieces
 48984 | D:14     | Found a gate to the Vaults.
 49697 | D:14     | Found Bonwizxe's Book Shop.
 49889 | D:15     | Entered Level 15 of the Dungeon
 49889 | D:15     | Noticed Nessos
 50385 | D:14     | Reached skill level 16 in Fighting
 52841 | D:15     | Found a staircase to the Depths.
 53264 | D:15     | Noticed Nessos
 53264 | D:15     | Nessos changed into Nessos the sea snake
 53287 | D:15     | Killed Nessos the sea snake
 54385 | Orc:2    | Bought a potion of flight for 42 gold pieces
 54662 | D:10     | Bought a scroll of identify for 54 gold pieces
 55192 | D:9      | Killed Gastronok
 55192 | D:9      | Reached skill level 10 in Armour
 55449 | Swamp:1  | Entered Level 1 of the Swamp
 56506 | Swamp:2  | Noticed Louise
 56519 | Swamp:2  | Killed Louise
 57357 | Swamp:2  | Reached XP level 16. HP: 108/152 MP: 24/24
 58438 | Swamp:2  | Noticed a thorn hunter
 58458 | Swamp:2  | Reached skill level 15 in Bows
 58674 | Swamp:3  | Noticed Roxanne
 59021 | Swamp:3  | Noticed Aizul
 59040 | Swamp:3  | Killed Aizul
 59658 | Swamp:3  | Noticed Jorgrun
 59944 | Swamp:4  | Entered Level 4 of the Swamp
 61146 | Swamp:3  | Killed Jorgrun
 64348 | Swamp:4  | Got a decaying rune of Zot
 64792 | Swamp:3  | Killed Roxanne
 64799 | Swamp:3  | Identified Roxanne's Compendium of the Mountains (You took it off Roxanne on level 3 of the Swamp)
 64804 | Swamp:3  | Learned a level 2 spell: Passwall
 65248 | Spider:1 | Entered Level 1 of the Spider Nest
 66340 | Spider:1 | Reached skill level 10 in Evocations
 66566 | Spider:2 | Learned a level 2 spell: Blink
 66569 | Spider:2 | Learned a level 2 spell: Repel Missiles
 66589 | Spider:2 | Reached XP level 17. HP: 125/160 MP: 25/25
 67576 | Spider:2 | Reached skill level 17 in Fighting
 67782 | Spider:2 | Noticed Arachne
 67817 | Spider:2 | Killed Arachne
 69039 | Spider:3 | Noticed peterlawrence's ghost (adept MiBe)
 71247 | Spider:3 | Killed peterlawrence's ghost
 72188 | Spider:4 | Entered Level 4 of the Spider Nest
 73059 | Spider:4 | Reached skill level 1 in Translocations
 73219 | Spider:4 | Noticed Mara
 73221 | Spider:4 | Noticed grothendieck's illusion
 74149 | Vaults:1 | Entered Level 1 of the Vaults
 74886 | Vaults:1 | Reached XP level 18. HP: 134/170 MP: 26/26
 80377 | Vaults:2 | Reached skill level 5 in Translocations
 80708 | Vaults:2 | Reached skill level 18 in Fighting
 80840 | Vaults:2 | Reached skill level 1 in Spellcasting
 81219 | Vaults:2 | Reached XP level 19. HP: 179/179 MP: 27/27
 83122 | Vaults:2 | Reached skill level 10 in Polearms
 84260 | Vaults:3 | Reached skill level 5 in Dodging
 84353 | Vaults:3 | Found a portal to a secret trove of treasure.
 86260 | Vaults:2 | Found a staircase to the Crypt.
 87726 | Vaults:4 | Reached XP level 20. HP: 141/189 MP: 28/28
 88047 | Vaults:4 | Noticed Xtahua
 88066 | Vaults:4 | Killed Xtahua
 89474 | Vaults:4 | Found Raifom's Distillery.
 89630 | Vaults:4 | Bought 2 potions of heal wounds for 220 gold pieces
 89634 | Vaults:4 | Found Fotokur's Assorted Antiques.
 89667 | Vaults:4 | Bought a fizzy amethyst potion for 36 gold pieces
 89987 | Vaults:4 | Found Mianaoha's Food Shop.
 90406 | Vaults:4 | Found Byachah's Distillery.
 90418 | Vaults:4 | Bought 2 potions of heal wounds for 150 gold pieces
 90418 | Vaults:4 | Bought a potion of heal wounds for 75 gold pieces
 90418 | Vaults:4 | Bought a potion of heal wounds for 75 gold pieces
 91351 | Vaults:4 | Reached skill level 19 in Fighting
 92125 | Vaults:2 | Got a brightly glowing quarterstaff {drain}
 92478 | Vaults:4 | Bought a potion of mutation for 55 gold pieces
 92773 | Orc:2    | Bought a wand of paralysis (11/24) for 195 gold pieces
 92805 | Orc:2    | Bought a wand of teleportation (4/9) for 384 gold pieces
 93986 | Elf:1    | Entered Level 1 of the Elven Halls
 94092 | Elf:1    | Found a radiant altar of Vehumet.
 95556 | Elf:1    | Found Kiosch's Gadget Emporium.
 95556 | Elf:1    | Found Ozoafia's Antique Armour Shoppe.
 95557 | Elf:1    | Found Fiprughe's Weapon Shoppe.
 95561 | Elf:1    | Found Xigiol's Magic Scroll Emporium.
 95570 | Elf:1    | Bought a glowing centaur barding for 841 gold pieces
 95583 | Elf:1    | Bought an embroidered cloak for 304 gold pieces
 98038 | Elf:1    | Reached XP level 21. HP: 198/198 MP: 29/29
 98312 | Elf:1    | Bought a scroll of enchant armour for 127 gold pieces
 98312 | Elf:1    | Bought a scroll of enchant armour for 127 gold pieces
 98567 | Elf:2    | Noticed Saint Roka
 98891 | Elf:2    | Killed Saint Roka
 99549 | Elf:2    | Found Esead's Gadget Boutique.
 99551 | Elf:2    | Found Effiug's Jewellery Emporium.
 99552 | Elf:2    | Found Zifeobrufoo's Gadget Boutique.
 99638 | Elf:2    | Found a huge runed gate.
 99638 | Elf:2    | Found a huge runed gate.
 99638 | Elf:2    | Found a huge runed gate.
 99872 | Elf:3    | Entered Level 3 of the Elven Halls
100448 | Elf:3    | Reached skill level 10 in Translocations
102540 | Elf:2    | Noticed Agnes
102548 | Elf:2    | Killed Agnes
103071 | Lair:1   | Identified the +5 quarterstaff of Action {drain, *Noise rElec Int+4} (You took it off a yaktaur captain on level 2 of the Vaults)
103551 | Elf:3    | Got a clouded silver ring
103755 | Elf:3    | Got a twitching steel ring
103787 | Elf:3    | Got a scintillating bone ring
104390 | Elf:3    | Identified Sif Muna's Almanac of Unstable Bewitchment
104391 | Elf:3    | Identified the Disquisition on Burning Contamination
104483 | Elf:3    | Learned a level 2 spell: Swiftness
104522 | Elf:3    | Identified the ring "Enizodd" {*Drain rF+ rN+ Int+3} (You took it off a deep elf death mage on level 3 of the Elven Halls)
104524 | Elf:3    | Identified the ring of Hocur {MP+9 Int+3 Slay+2} (You took it off a deep elf demonologist on level 3 of the Elven Halls)
104526 | Elf:3    | Identified the cursed ring "Sugh" {rF+ EV-2} (You took it off a deep elf death mage on level 3 of the Elven Halls)
105210 | D:11     | Bought the amulet "Myonad" {Faith +Fly Int+9} for 816 gold pieces
105221 | D:11     | Bought the ring "Hofrocoh" {rF++ Int+4} for 618 gold pieces
105396 | Depths:1 | Entered Level 1 of the Depths
105796 | Depths:1 | Noticed Nikola
106729 | Depths:1 | Killed Nikola
106778 | Depths:1 | Reached XP level 22. HP: 197/208 MP: 31/31
107034 | Depths:1 | Reached skill level 1 in Charms
107247 | Depths:1 | Found a gateway to Hell.
108170 | Depths:2 | Found a shimmering altar of Xom.
108171 | Depths:2 | Found a blossoming altar of Fedhas.
108174 | Depths:2 | Found a shadowy altar of Dithmenos.
108580 | Depths:3 | Noticed Mennas
108695 | Depths:2 | Reached skill level 20 in Fighting
108785 | Depths:2 | Noticed a golden dragon
108869 | Depths:2 | Killed a golden dragon
109335 | Depths:2 | Got a shimmering pewter ring
110178 | Depths:2 | Paralysed by a floating eye for 4 turns
111421 | Depths:2 | Reached skill level 5 in Charms
112059 | Depths:1 | Reached XP level 23. HP: 74/217 MP: 32/32
112284 | Lair:1   | Identified the ring "Jauv" {rF+ rC+ rN+ Str-5} (You took it off a boggart on level 2 of the Depths)
112773 | Depths:2 | Killed Mennas
115446 | Depths:3 | Reached skill level 1 in Air Magic
115733 | Depths:3 | Noticed Bai Suzhen
115774 | Depths:3 | Killed Bai Suzhen
116058 | Depths:3 | Identified the Grimoire of Dislocation
116071 | Depths:3 | Learned a level 2 spell: Shroud of Golubria
116387 | Depths:3 | Found a gateway to a ziggurat.
117108 | Depths:3 | Found a one-way gate leading to the halls of Pandemonium.
117241 | Depths:3 | Reached skill level 10 in Dodging
117514 | Depths:3 | Paralysed by a lich for 3 turns
117982 | Depths:4 | Found a one-way gate to the infinite horrors of the Abyss.
118060 | Depths:4 | Noticed Frederick
118080 | Depths:4 | Killed Frederick
118961 | Depths:4 | Reached skill level 21 in Fighting
119396 | Depths:4 | Noticed a juggernaut
119881 | Depths:4 | Killed a juggernaut
119941 | Depths:4 | Reached XP level 24. HP: 190/228 MP: 32/32
119986 | Depths:4 | Noticed an ancient lich
120013 | Depths:4 | Killed an ancient lich
120125 | Depths:5 | Entered Level 5 of the Depths
120715 | Depths:4 | Reached skill level 15 in Armour
121779 | Depths:5 | Reached skill level 5 in Air Magic
121815 | Depths:5 | Noticed Margery
121961 | Depths:5 | Killed Margery
122235 | Depths:5 | Noticed a juggernaut
124654 | Depths:5 | Killed a juggernaut
125040 | Depths:5 | Identified a scroll of acquirement
125056 | Depths:5 | Learned a level 1 spell: Summon Butterflies
125063 | Depths:5 | Found a gate to the Realm of Zot.
125095 | Depths:5 | Identified the Guide on Cloudy Necromancy
126353 | Lair:4   | Reached skill level 22 in Fighting
126973 | Spider:4 | Killed Mara
127225 | Spider:4 | Reached XP level 25. HP: 224/235 MP: 32/32
127262 | Spider:4 | Paralysed by a hornet for 3 turns
128784 | Spider:4 | Got a gossamer rune of Zot
130315 | Vaults:3 | Reached skill level 10 in Charms
130530 | Vaults:5 | Entered Level 5 of the Vaults
130696 | Vaults:5 | Reached skill level 1 in Summonings
132873 | Vaults:5 | Reached skill level 23 in Fighting
133099 | Vaults:5 | Noticed a shard shrike
133102 | Vaults:5 | Noticed a juggernaut
133102 | Vaults:5 | a shard shrike changed into a juggernaut
133111 | Vaults:5 | a juggernaut changed into a titan
133128 | Vaults:5 | Noticed a juggernaut
133129 | Vaults:5 | a juggernaut changed into a hellephant
133179 | Vaults:5 | Reached XP level 26. HP: 250/250 MP: 32/32
133196 | Vaults:5 | Identified Sif Muna's Incunabulum of the Frostbite and Earth
133743 | Vaults:5 | Reached skill level 5 in Summonings
134258 | Vaults:5 | Got a silver rune of Zot
134452 | Vaults:5 | Identified the amulet "Cimeh" {Spirit Str+4} (You found it on level 5 of the Vaults)
135067 | Vaults:5 | Cast into level 2 of the Abyss (vault guard)
135152 | Abyss:3  | Found a shimmering altar of Xom.
135172 | Abyss:3  | Got a slimy trident
135180 | Vaults:5 | Escaped the Abyss
136459 | Zot:1    | Entered Level 1 of the Realm of Zot
139766 | Crypt:1  | Entered Level 1 of the Crypt
142098 | Crypt:2  | Identified the +1 chain mail of Servitude {Int+2} (You found it on level 2 of the Crypt)
142106 | Crypt:3  | Entered Level 3 of the Crypt
142322 | Crypt:3  | Reached ****** piety under Fedhas
143353 | Crypt:3  | Reached XP level 27. HP: 260/260 MP: 33/33
145123 | Crypt:3  | Noticed an ancient lich
145123 | Crypt:3  | Noticed an ancient lich
145216 | Crypt:3  | Found a staircase to the Tomb.
146081 | Vaults:4 | Bought a potion of invisibility for 120 gold pieces
146125 | Vaults:4 | Bought a potion of invisibility for 176 gold pieces
146137 | Vaults:4 | Bought a potion of heal wounds for 205 gold pieces
146555 | Swamp:4  | Learned a level 3 spell: Regeneration
147355 | Zot:1    | Reached skill level 1 in Necromancy
148326 | Zot:1    | Reached skill level 24 in Fighting
148753 | Zot:2    | Reached skill level 15 in Invocations
152763 | Zot:3    | Reached skill level 5 in Necromancy
153276 | Zot:2    | Noticed an orb of fire
153475 | Zot:2    | Gained mutation: Your magical capacity is low. (-10% MP) [an orb of fire]
153483 | Zot:2    | Gained mutation: You are dopey. (Int -2) [an orb of fire]
153754 | Zot:2    | Killed an orb of fire
155347 | Vaults:3 | You paid a toll of 2 scrolls of acquirement to enter a treasure trove
155348 | Trove    | Entered a treasure trove
155449 | Trove    | Got a brightly glowing pewter amulet
155453 | Trove    | Got a scintillating diamond amulet
155479 | Vaults:3 | Identified the amulet of Ecsogais {rPois rF+ Regen+ Stlth+} (You found it in a treasure trove)
157066 | Zot:4    | Noticed an orb of fire
157071 | Zot:4    | Gained mutation: You occasionally shout uncontrollably at your foes. [an orb of fire]
157086 | Zot:4    | Gained mutation: You are very dopey. (Int -4) [an orb of fire]
157095 | Zot:4    | Killed an orb of fire
158335 | Zot:5    | Entered Level 5 of the Realm of Zot
159347 | Zot:5    | Noticed an ancient lich
159519 | Zot:5    | Noticed an ancient lich
159531 | Zot:4    | Killed an ancient lich
159608 | Zot:4    | Killed an ancient lich
159982 | Zot:5    | Noticed an orb of fire
160676 | Zot:5    | Gained mutation: You are frail. (-10% HP) [an orb of fire]
160683 | Zot:5    | Killed an orb of fire
160782 | Zot:5    | Noticed an ancient lich
160788 | Zot:5    | Killed an ancient lich
161012 | Zot:5    | Noticed an ancient lich
161348 | Zot:3    | Reached skill level 10 in Summonings
161753 | Zot:5    | Killed an ancient lich
161825 | Zot:5    | Noticed an ancient lich
161839 | Zot:5    | Killed an ancient lich
162069 | Zot:5    | Noticed an orb of fire
162280 | Zot:5    | Lost mutation: Your magical capacity is low. (-10% MP) [an orb of fire]
162284 | Zot:4    | Gained mutation: You expend magic power (3 MP) to strengthen your wands. [an orb of fire]
162290 | Zot:4    | Killed an orb of fire
162583 | Zot:5    | Noticed an ancient lich
162586 | Zot:5    | Killed an ancient lich
162645 | Zot:5    | Noticed an orb of fire
162656 | Zot:5    | Killed an orb of fire
162656 | Zot:5    | Reached skill level 25 in Fighting
163350 | Zot:5    | Noticed an orb of fire
163350 | Zot:5    | Noticed an orb of fire
163374 | Zot:5    | Gained mutation: You regenerate slowly when monsters are visible. [an orb of fire]
163378 | Zot:5    | Gained mutation: You do not regenerate when monsters are visible. [an orb of fire]
163380 | Zot:5    | Killed an orb of fire
163456 | Zot:5    | Lost mutation: You do not regenerate when monsters are visible. [an orb of fire]
163465 | Zot:5    | Gained mutation: You sometimes yell uncontrollably at your foes. [an orb of fire]
163466 | Zot:5    | Killed an orb of fire
163467 | Zot:5    | Lost mutation: You are frail. (-10% HP) [potion of cure mutation]
163467 | Zot:5    | Lost mutation: You regenerate slowly when monsters are visible. [potion of cure mutation]
163467 | Zot:5    | Lost mutation: You sometimes yell uncontrollably at your foes. [potion of cure mutation]
163467 | Zot:5    | Lost mutation: You occasionally shout uncontrollably at your foes. [potion of cure mutation]
163467 | Zot:5    | Lost mutation: You are very dopey. (Int -4) [potion of cure mutation]
164787 | Zot:5    | Got the Orb of Zot
165440 | D:1      | Noticed Qiarhosm the pandemonium lord
165449 | D:$      | Escaped with the Orb!

Skill      XL: |  1  2  3  4  5  6  7  8  9 10 11 12 13 14 15 16 17 18 19 20 21 22 23 24 25 26 27 |
---------------+----------------------------------------------------------------------------------+-----
Bows           | 6 7 8 9 11 13 14 16 18 20 | 20.0
Fighting       | 3 4 5 7 8 10 11 12 13 15 16 17 18 19 20 21 22 23 25 | 25.1
Invocations    | 3 6 8 10 11 12 13 19 | 19.8
Armour         | 2 4 6 7 8 9 10 11 12 13 14 15 16 18 | 18.1
Shields        | 1 |  1.0
Evocations     | 4 6 7 8 10 11 | 11.0
Polearms       | 1 4 6 8 9 10 11 12 13 14 | 14.0
Dodging        | 3 5 7 8 9 10 11 12 13 | 13.1
Translocations | 2 5 7 9 10 11 13 | 13.0
Spellcasting   | 1 2 4 |  4.0
Charms         | 5 7 9 10 | 10.3
Air Magic      | 4 6 8 9 |  9.0
Summonings     | 4 7 11 | 11.0
Necromancy     | 5 |  5.8
Stealth        | |  0.4

Action                   |  1- 3 |  4- 6 |  7- 9 | 10-12 | 13-15 | 16-18 | 19-21 | 22-24 | 25-27 || total
-------------------------+-------+-------+-------+-------+-------+-------+-------+-------+-------++-------
Melee: Short sword       |    25 |       |       |       |       |       |       |       |       ||    25
       Kick              |    11 |    30 |   135 |   281 |   552 |   443 |   262 |   239 |   655 ||  2608
       Whip              |    64 |   120 |   457 |   722 |       |       |       |       |       ||  1363
       Trident           |       |       |       |    39 |  2065 |  1250 |   603 |   103 |       ||  4060
       War axe           |       |       |       |    17 |       |       |       |       |       ||    17
       Glaive            |       |       |       |       |       |    20 |       |       |       ||    20
       Bardiche          |       |       |       |       |       |       |     3 |       |       ||     3
       Longbow           |       |       |       |       |       |       |     2 |       |       ||     2
       Trishula          |       |       |       |       |       |       |       |   472 |  1714 ||  2186
       Quarterstaff      |       |       |       |       |       |       |       |       |     5 ||     5
 Fire: Shortbow          |    22 |    29 |   112 |   342 |   576 |   739 |   492 |   214 |    34 ||  2560
       Hunting sling     |       |     8 |    52 |    11 |    19 |       |       |       |       ||    90
       Longbow           |       |       |       |       |    59 |   640 |  1509 |  1803 |  2458 ||  6469
Throw: Stone             |       |       |     9 |       |       |       |       |       |       ||     9
       Throwing net      |       |       |       |     1 |       |       |       |       |       ||     1
 Cast: Shroud of Golubri |       |       |       |       |       |       |       |     1 |       ||     1
       Repel Missiles    |       |       |       |       |       |       |       |       |     8 ||     8
Invok: Fungal Bloom      |       |       |    27 |    63 |   124 |   120 |   121 |   109 |   124 ||   688
       Evolution         |       |       |       |     9 |    24 |    57 |    33 |    34 |    37 ||   194
       Growth            |       |       |       |       |       |       |     1 |     1 |     7 ||     9
 Abil: Evoke Flight      |       |       |       |       |       |     1 |       |       |       ||     1
Evoke: Wand              |       |       |       |     2 |     2 |     2 |       |     6 |     9 ||    21
       Phial of floods   |       |       |       |       |       |       |     1 |       |       ||     1
       Lamp of fire      |       |       |       |       |       |       |       |       |     1 ||     1
  Use: Scroll            |       |     4 |     8 |    10 |    19 |    10 |    17 |     8 |    26 ||   102
       Potion            |       |       |       |     1 |       |     3 |     2 |     2 |    11 ||    19
 Stab: Confused          |       |       |       |    10 |    27 |    31 |     5 |     7 |    12 ||    92
       Distracted        |       |       |       |     3 |     3 |     6 |     1 |       |     1 ||    14
       Held in net/web   |       |       |       |       |       |       |       |       |     1 ||     1
  Eat: Chunk             |     2 |     7 |    13 |    29 |    65 |    27 |    48 |    30 |    37 ||   258
       Pizza             |       |     1 |     1 |     2 |     1 |     2 |     1 |     1 |     6 ||    15
       Meat ration       |       |       |     1 |     1 |     1 |     1 |     2 |       |     5 ||    11
       Beef jerky        |       |       |       |     1 |     2 |     1 |       |     2 |     2 ||     8
       Royal jelly       |       |       |       |     2 |     2 |    10 |     2 |       |     1 ||    17
       Bread ration      |       |       |       |       |       |     2 |     2 |     3 |     7 ||    14
Armor: Leather armour    |    14 |     9 |   171 |   218 |       |       |       |       |       ||   412
       Ring mail         |    34 |    29 |       |       |       |       |       |       |       ||    63
       Chain mail        |       |     1 |       |    85 |  1395 |  1411 |   188 |       |       ||  3080
       Plate armour      |       |       |    27 |   210 |       |       |   422 |       |       ||   659
       Crystal plate arm |       |       |       |       |       |       |    43 |   607 |       ||   650
       Storm dragon scal |       |       |       |       |       |       |    16 |     7 |       ||    23
       Gold dragon scale |       |       |       |       |       |       |       |   210 |  1504 ||  1714
Dodge: Dodged            |    58 |    48 |   200 |   316 |   527 |   454 |   215 |   192 |   368 ||  2378
       Deflected         |       |       |       |       |       |       |       |       |    28 ||    28
Block: Large shield      |       |       |     7 |       |       |       |       |       |       ||     7
